 Dungeon Crawl Stone Soup version 0.31.0-10-gcf4a605ca0 (webtiles) character file.

Game seed: 3179365038073759239

111614 Flugkiller the Brawler (level 16, -2/202 HPs)
             Began as a Troll Enchanter on Jan 25, 2024.
             Was an Initiate of Gozag.
             Slain by a broodmother (14 damage)
             ... on level 2 of the Spider Nest.
             The game lasted 00:47:23 (25727 turns).

Flugkiller the Brawler (Troll Enchanter)           Turns: 25727, Time: 00:47:23

Health: -2/202     AC: 19    Str: 31    XL:     16   Next: 9%
Magic:  16/16      EV:  9    Int: 11    God:    Gozag
Gold:   3248       SH:  0    Dex: 10    Spells: 17/17 levels left

rFire   . .          .
                       - Unarmed
rCold   . . .        (shield currently unavailable)
rNeg    . . .        e - melded +0 acid dragon scales
rPois   +            o - melded +2 hat
rElec   .            (cloak currently unavailable)
rCorr   .            (gloves unavailable)
SInv    .            (boots unavailable)
Will    +....        r - amulet of regeneration Stlth
                     n - +4 ring of protection
HPRegen 2.13/turn    p - +4 ring of protection
MPRegen 0.15/turn

%: no passive effects
@: confused, snake-form, gold aura, studying 2 skills
A: constrict, boosted hp, large, unfitting armour, (claws 3), regeneration 1,
(shaggy fur 1), (tough skin 1), inability to drink after injury 2, no stealth,
inability to use devices, inability to train armour, no air magic, no necromancy
magic, no alchemy magic
a: Begin Untransformation, Renounce Religion, Potion Petition, Call Merchant,
Bribe Branch


You were on level 2 of the Spider Nest.
You worshipped Gozag.
Gozag was most pleased with you.
You were an enormous serpent.
You visited 4 branches of the dungeon, and saw 24 of its levels.
You also visited: Sewer.

You collected 6619 gold pieces.
You spent 1205 gold pieces at shops.
You paid 2166 gold pieces to Gozag.

Inventory:

Missiles
 a - 13 javelins
 b - 23 large rocks
 d - 16 boomerangs (quivered)
 h - 5 curare-tipped darts
 j - 36 poisoned darts
Armour
 e - +0 acid dragon scales (melded)
   (You found it on level 10 of the Dungeon)
 m - a +0 robe of resistance
   (You took it off a spriggan on level 5 of the Lair of Beasts)
 o - a +2 hat (melded)
   (You found it on level 2 of the Lair of Beasts)
Jewellery
 c - a +6 ring of strength
   (You found it on level 3 of the Dungeon)
 f - a ring of protection from fire
   (You bought it in a shop on level 2 of the Orcish Mines)
 g - an amulet of reflection
   (You found it on level 7 of the Dungeon)
 i - the ring of the Distant Future {Str+3 SInv}
   (You found it on level 7 of the Dungeon)

   [ring of see invisible]

   Str+3:     It affects your strength (+3).
   SInv:      It lets you see invisible.
 n - a +4 ring of protection (left hand)
   (You found it on level 1 of the Lair of Beasts)
 p - a +4 ring of protection (right hand)
   (You found it on level 2 of the Dungeon)
 r - an amulet of regeneration (around neck)
   (You found it on level 2 of the Lair of Beasts)
 s - a ring of positive energy
   (You found it on level 4 of the Lair of Beasts)
 u - a ring of ice
   (You found it on level 5 of the Lair of Beasts)
Talismans
 k - a serpent talisman (active)
   (You found it on level 8 of the Dungeon)
 l - a flux talisman
   (You found it on level 1 of the Lair of Beasts)
 q - a maw talisman
   (You found it on level 2 of the Lair of Beasts)


   Skills:
 - Level 13.0 Fighting
 - Level 0.7 Short Blades
 - Level 10.0 Throwing
 - Level 1.5 Dodging
 + Level 17.5 Unarmed Combat
 - Level 1.2 Spellcasting
 - Level 2.0 Hexes
 + Level 14.0 Shapeshifting


You had 17 spell levels left.
You didn't know any spells.
Your spell library contained the following spells:

 Spells                   Type           Power      Damage    Failure   Level
 Slow                     Hex            20%        N/A       14%         1
 Foxfire                  Conj/Fire      0%         2x1d4     32%         1
 Magic Dart               Conj           0%         1d3       32%         1
 Sandblast                Erth           0%         2d4       32%         1
 Ensorcelled Hibernation  Hex/Ice        4%         N/A       32%         2
 Confusing Touch          Hex            5%         N/A       38%         3
 Sigil of Binding         Hex            5%         N/A       38%         3
 Tukima's Dance           Hex            5%         N/A       38%         3
 Call Imp                 Summ           0%         N/A       43%         2
 Searing Ray              Conj           0%         2d4       43%         2
 Dazzling Flash           Conj/Hex       4%         N/A       54%         3
 Inner Flame              Hex/Fire       2%         N/A       54%         3
 Passwall                 Erth           0%         N/A       67%         3
 Stone Arrow              Conj/Erth      0%         3d7       67%         3
 Volatile Blastmotes      Fire/Tloc      0%         2d10      67%         3
 Animate Armour           Summ/Erth      0%         N/A       97%         4
 Brom's Barrelling Bould  Conj/Erth      0%         2d3       97%         4
 Passage of Golubria      Tloc           0%         N/A       97%         4
 Lee's Rapid Deconstruct  Erth           0%         3d4*      100%        5
 Bombard                  Conj/Erth      0%         9d1       100%        6
 Starburst                Conj/Fire      0%         6d3       100%        6
 Summon Hydra             Summ           0%         N/A       100%        7
 Ignition                 Fire           0%         3d3       100%        8
 Mercury Vapours          Alch/Air       Unusable   N/A       N/A         2
 Sublimation of Blood     Necr           Unusable   N/A       N/A         2
 Mephitic Cloud           Conj/Alch/Air  Unusable   N/A       N/A         3
 Swiftness                Air            Unusable   N/A       N/A         3
 Vampiric Draining        Necr           Unusable   2d6       N/A         3
 Fulminant Prism          Conj/Alch      Unusable   3d5       N/A         4
 Leda's Liquefaction      Alch/Erth      Unusable   N/A       N/A         4
 Summon Lightning Spire   Summ/Air       Unusable   N/A       N/A         4
 Vhi's Electric Charge    Tloc/Air       Unusable   N/A       N/A         4
 Silence                  Hex/Air        Unusable   N/A       N/A         5
 Yara's Violent Unravell  Hex/Alch       Unusable   3d3       N/A         5
 Arcjolt                  Conj/Air       Unusable   1d10      N/A         5
 Curse of Agony           Necr           Unusable   N/A       N/A         5
 Freezing Cloud           Conj/Ice/Air   Unusable   6-21      N/A         5
 Irradiate                Conj/Alch      Unusable   3d11      N/A         5
 Plasma Beam              Fire/Air       Unusable   2x1d10    N/A         6
 Maxwell's Capacitive Co  Air            Unusable   ∞         N/A         8

Dungeon Overview and Level Annotations

Branches:
Dungeon (15/15) Zot: 25169  Temple (0/1) D:5            Lair (5/5) D:11 Zot: 22968
 Shoals (0/4) Lair:2       Spider (2/4) Lair:3 Zot: 10424   Slime (0/5) Lair:5
    Orc (2/2) D:12 Zot: 9898     Elf (0/3) Orc:2        Vaults (0/5) D:13
 Depths (0/4) D:15          Sewer (visited)

Altars:
Dithmenos
Gozag
Kikubaaqudgha
Makhleb
Nemelex Xobeh
Ru
Sif Muna
Trog
Wu Jian
Zin
Jiyva
Lugonu

Shops:
D:5 !   D:6 *   D:10 :   D:14 !   Orc:2 (*[=(

Portals:
Abyss: Lair:5

Annotations:
D:7 1 runed translucent door, Crazy Yiuf
D:15 exclusion: ice statue
Lair:5 exclusion: oklob plant
Spider:2 Roxanne


Innate Abilities, Weirdness & Mutations

You are an enormous serpent.
You have a powerful constriction melee attack.
Your maximum health is increased.
Your armour is entirely melded.
You are incapable of wielding weapons or throwing items.
You are too large for most types of armour.
((You have claws for hands.))
Your natural rate of healing is unusually fast.
((You are covered in fur. (AC +1)))
((You have tough skin. (AC +1)))
You sometimes lose the ability to drink potions when taking damage.
You cannot be stealthy.
You cannot study or use magical devices.
You cannot train Armour skill.
You cannot study or cast Air magic.
You cannot study or cast Necromancy magic.
You cannot study or cast Alchemy magic.


Message History

The wolf spider bites you but does no damage.
The tarantella touches you but does no damage. [a] - 192 gold - heal wounds and curing [b] - 440 gold - haste and resistance [c] - 500 gold - lignification, might, resistance and invisibility Purchase which effect?
You feel much better.
You feel better.
The wolf spider hits you but does no damage.
The wolf spider bites you! The broodmother bites you!
A spider bursts forth from the wound!
The tarantella touches you.
The tarantella touches you but does no damage.
The wolf spider hits you! The wolf spider bites you.
You lash the tarantella! Your grab misses the tarantella.
The tarantella is heavily wounded.
The broodmother summons spiders!
The tarantella closely misses you.
The wolf spider hits you but does no damage.
The wolf spider bites you.
You closely miss the tarantella. Your grab misses the tarantella.
The tarantella is heavily wounded.
The culicivora bites you but does no damage.
The tarantella touches you but does no damage.
The tarantella closely misses you.
The broodmother bites you but does no damage.
The culicivora bites you!
The culicivora draws strength from your injuries!
The wolf spider hits you! The wolf spider bites you.
You crush the tarantella!!!
You kill the tarantella!
The tarantella misses you.
The broodmother bites you but does no damage.
The culicivora bites you!
The culicivora draws strength from your injuries!
The wolf spider hits you but does no damage.
The wolf spider bites you but does no damage.
The tarantella attacks as it pursues you!
The tarantella touches you!
You are afflicted by dizzying energies!
You are confused.
The culicivora attacks as it pursues you!
The culicivora bites you!
The culicivora draws strength from your injuries!
The tarantella attacks as it pursues you!
The tarantella barely misses you.
You are too confused!
You bump into the rock wall.
The tarantella touches you but does no damage.
The culicivora completely misses you.
The tarantella touches you but does no damage.
The wolf spider hits you but does no damage.
The wolf spider bites you.
You crush the tarantella!!!
You kill the tarantella!
The tarantella's corpse disappears in a puff of smoke!
The wolf spider hits you.
The wolf spider bites you but does no damage.
You bump into the rock wall.
The tarantella touches you but does no damage.
The broodmother is distracted by your dazzling golden aura.
The culicivora is distracted by your dazzling golden aura.
The wolf spider barely misses you. The wolf spider bites you.
The tarantella touches you but does no damage.
You barely miss the broodmother.
The broodmother is no longer distracted by gold.
The broodmother is moderately wounded.
The wolf spider hits you but does no damage.
The wolf spider barely misses you. The broodmother barely misses you.
The culicivora is no longer distracted by gold.
The culicivora bites you but does no damage.
The orb spider pulsates with a strange energy.
The broodmother bites you!!
* * * LOW HITPOINT WARNING * * *
The culicivora completely misses you.
You bump into the rock wall.
The broodmother bites you!
* * * LOW HITPOINT WARNING * * *
A spider bursts forth from the wound!
The wolf spider hits you but does no damage.
The wolf spider barely misses you.
The orb spider is distracted by your dazzling golden aura.
The orb spider's many legs skitter faintly.
You can drink potions again.
The culicivora barely misses you.
The wolf spider attacks as it pursues you!
The wolf spider misses you. The wolf spider barely misses you.
The wolf spider hits you but does no damage.
The wolf spider bites you.
* * * LOW HITPOINT WARNING * * *
You barely miss the broodmother.
The broodmother is moderately wounded.
The wolf spider hits you!
* * * LOW HITPOINT WARNING * * *
The wolf spider bites you.
* * * LOW HITPOINT WARNING * * *
You bump into the rock wall.
The orb spider is no longer distracted by gold.
The broodmother barely misses you. The wolf spider hits you.
* * * LOW HITPOINT WARNING * * *
The wolf spider bites you but does no damage.
Roxanne is distracted by your dazzling golden aura.
The broodmother bites you!
You die...
Your body crumbles into a pile of gold.

#ss#####.......##..###.......##
#[..#.............## #########
##................##
##>...............##
.................#
^............s..s#
.............ss.##
............sss##
.............S##
......#.......#
.....###....$..# ....#
#^#####..^ ..## #.## .... . ...
..8... . #...#. ..##


You could see Roxanne (unaware), a broodmother, a wolf spider (summoned), 2 orb
spiders, a culicivora (summoned), a tarantella (summoned) and a redback
(summoned).

Vanquished Creatures
  2 orc warlords
  A broodmother (Spider:1)
  A stone giant (D:15)
  A vault guard (D:13)
  An ice dragon (D:15)
  9 hydras
  An ogre mage (D:15)
  7 two-headed ogres
  4 centaur warriors
  A dancing weapon (D:13)
  4 boulder beetles
  2 tengu warriors (D:15)
  4 orc high priests
  Urug (Lair:3)
  5 demonic crawlers
  2 thrashing horrors (Lair:5)
  3 skysharks
  3 pharaoh ants (Spider:2)
  5 skeletal warriors (D:13)
  A fire crab (shapeshifter) (Lair:5)
  3 orb spiders (Spider:1)
  2 large abominations (Lair:5)
  An arcanist (D:15)
  A steelbarb worm (Lair:3)
  4 lindwurms
  3 deep elf pyromancers
  6 orc knights
  6 orc sorcerers
  A manticore (D:13)
  7 wolf spiders
  4 cyclopes
  4 ugly things (Lair:5)
  5 elephants (Lair:5)
  3 meliai (D:15)
  A water nymph (Lair:2)
  2 torpor snails (Spider:2)
  4 black mambas
  A smoke demon (Lair:5)
  The ghost of NitroKuite the Thaumaturge, a novice DEEE of Sif Muna (D:7)
  9 cane toads
  2 unseen horrors
  2 rime drakes
  A kobold demonologist (D:14)
  An unseen horror zombie (D:7)
  11 komodo dragons
  5 trolls
  A merfolk (Lair:2)
  A hornet (D:11)
  A polar bear (shapeshifter) (Lair:5)
  12 tarantellas
  Grinder (D:6)
  4 polar bears
  A wolf spider simulacrum (D:14)
  A raiju (shapeshifter) (D:15)
  29 blink frogs
  5 dream sheep
  2 raiju (Lair:5)
  Sigmund (D:6)
  15 culicivoras
  5 slime creatures (D:14)
  2 ynoxinuls (Lair:5)
  15 jumping spiders
  A wraith (D:10)
  3 shadows
  35 yaks
  3 vampires
  A spriggan (Lair:5)
  3 wyverns
  An unseen horror simulacrum (D:7)
  5 basilisks
  3 wargs
  Eustachio (D:6)
  33 redbacks
  Menkaure (D:6)
  16 vampire mosquitoes
  2 acid dragons (D:11)
  A chaos spawn (Lair:5)
  Edmund (D:5)
  A water moccasin (shapeshifter) (Lair:5)
  9 small abominations (Lair:5)
  14 water moccasins
  4 black bears
  A sky beast (D:7)
  2 crocodiles (Sewer)
  35 orc warriors
  9 ice beasts
  9 centaurs
  10 ogres
  12 wolves
  A phantom (D:5)
  5 kobold brigands
  6 bullfrogs
  2 scorpions (D:6)
  A gnoll sergeant (D:7)
  22 wights
  8 killer bees
  An electric eel (D:6)
  8 howler monkeys
  A crimson imp (D:6)
  2 jellies (D:8)
  A centaur skeleton (D:7)
  5 hounds
  19 orc priests
  8 iguanas
  A sleepcap (D:5)
  6 hell rats (Lair:3)
  31 orc wizards
  A sickly merfolk siren (Sewer)
  A malarious merfolk avatar (Sewer)
  A centaur simulacrum (D:7)
  A howler monkey skeleton (D:7)
  11 adders
  7 gnolls
  3 river rats
  4 white imps
  13 dart slugs
  3 ribbon worms
  73 orcs
  10 ball pythons
  5 endoplasms
  6 giant cockroaches
  8 goblins
  4 hobgoblins
  6 jackals
  5 quokkas
  2 bats
  7 frilled lizards
  19 kobolds
  26 rats
804 creatures vanquished.

Vanquished Creatures (others)
  A two-headed ogre (D:8)
  An acid dragon (D:10)
  An orc priest (Orc:2)
  An orc (Orc:1)
  A kobold (D:10)
5 creatures vanquished.

Grand Total: 809 creatures vanquished

Notes
Turn   | Place    | Note
-------+----------+-------------------------------------------
     0 | D:1      | Flugkiller the Troll Enchanter began the quest for the Orb.
     0 | D:1      | Reached XP level 1. HP: 16/16 MP: 1/1
    67 | D:1      | Reached skill level 1 in Unarmed Combat
    72 | D:1      | Reached XP level 2. HP: 26/26 MP: 2/2
   420 | D:1      | Reached skill level 1 in Fighting
   420 | D:1      | Reached skill level 2 in Unarmed Combat
   526 | D:1      | Reached XP level 3. HP: 33/33 MP: 3/3
   616 | D:2      | Found a faded altar of an unknown god.
  1042 | D:2      | Found a shimmering blue altar of Sif Muna.
  1450 | D:3      | Reached skill level 3 in Unarmed Combat
  1450 | D:3      | Reached XP level 4. HP: 31/41 MP: 4/4
  1741 | D:3      | Found a sacrificial altar of Ru.
  1816 | D:3      | Became a worshipper of Ru the Awakened
  2052 | D:4      | Found a glowing drain.
  2075 | D:4      | Reached XP level 5. HP: 49/49 MP: 5/5
  2101 | Sewer    | Entered a sewer
  2154 | Sewer    | Reached skill level 1 in Throwing
  2185 | Sewer    | Reached skill level 4 in Unarmed Combat
  2277 | Sewer    | Noticed a crocodile
  2279 | Sewer    | Noticed a crocodile
  2299 | Sewer    | Killed a crocodile
  2300 | Sewer    | Reached XP level 6. HP: 31/59 MP: 6/6
  2400 | Sewer    | Reached skill level 5 in Unarmed Combat
  2443 | Sewer    | Identified the +7 chain mail of the Morning Star {rElec}
  2734 | D:4      | Gained mutation: You cannot train Armour skill. [Ru
                  | sacrifice]
  2734 | D:4      | Reached * piety under Ru
  2878 | D:5      | Entered Level 5 of the Dungeon
  2927 | D:5      | Reached XP level 7. HP: 64/67 MP: 7/7
  3143 | D:5      | Reached skill level 6 in Unarmed Combat
  3190 | D:5      | Found a staircase to the Ecumenical Temple.
  3227 | D:5      | Noticed Edmund
  3238 | D:5      | Killed Edmund
  3239 | D:5      | Reached XP level 8. HP: 69/78 MP: 8/8
  3294 | D:5      | Reached skill level 1 in Evocations
  3488 | D:5      | Found Muidil's Distillery.
  3730 | D:5      | Reached skill level 7 in Unarmed Combat
  3889 | D:6      | Noticed Grinder
  3892 | D:6      | Killed Grinder
  3920 | D:6      | Noticed Eustachio
  3971 | D:6      | Killed Eustachio
  3986 | D:6      | Found a transporter.
  3986 | D:6      | Found Kaofitu's General Store.
  4075 | D:6      | Noticed Menkaure
  4084 | D:6      | Killed Menkaure
  4085 | D:6      | Reached skill level 8 in Unarmed Combat
  4085 | D:6      | Reached XP level 9. HP: 75/85 MP: 9/9
  4188 | D:6      | Reached skill level 5 in Fighting
  4188 | D:6      | Reached skill level 5 in Throwing
  4542 | D:6      | Found a glowing silver altar of Zin.
  4542 | D:6      | Found an ancient bone altar of Kikubaaqudgha.
  4542 | D:6      | Found a sparkling altar of Nemelex Xobeh.
  4545 | D:6      | Gained mutation: You occasionally lose the ability to drink
                  | potions when taking damage. [Ru sacrifice]
  4545 | D:6      | Gained mutation: You sometimes lose the ability to drink
                  | potions when taking damage. [Ru sacrifice]
  4545 | D:6      | Reached ** piety under Ru
  4551 | D:6      | Reached skill level 9 in Unarmed Combat
  4604 | D:6      | Found a burning altar of Makhleb.
  4634 | D:6      | Noticed Sigmund
  4645 | D:6      | Killed Sigmund
  4655 | D:6      | Found a transporter.
  4974 | D:7      | Reached XP level 10. HP: 96/96 MP: 10/10
  5078 | D:7      | Identified the ring of the Distant Future {Str+3 SInv}
  5247 | D:7      | Found a runed translucent gate.
  5248 | D:7      | Found a runed translucent gate.
  5248 | D:7      | Found a runed translucent gate.
  5250 | D:7      | Noticed NitroKuite's ghost (novice DEEE)
  5403 | D:7      | Found a bloodstained altar of Trog.
  5684 | D:7      | Found a runed translucent door.
  5685 | D:7      | Noticed Crazy Yiuf
  5887 | D:8      | Reached skill level 10 in Unarmed Combat
  5908 | D:8      | Noticed a two-headed ogre
  6445 | D:8      | Killed a two-headed ogre
  6614 | D:8      | Reached skill level 5 in Evocations
  6718 | D:9      | Gained mutation: You cannot study or use magical devices.
                  | [Ru sacrifice]
  6718 | D:9      | Reached *** piety under Ru
  6718 | D:9      | Reached **** piety under Ru
  6718 | D:9      | Reached ***** piety under Ru
  6748 | D:9      | Noticed a two-headed ogre
  6770 | D:9      | Killed a two-headed ogre
  7047 | D:9      | Found an opulent altar of Gozag.
  7202 | D:9      | Found an ornate altar of the Wu Jian Council.
  7387 | D:10     | Entered Level 10 of the Dungeon
  7437 | D:10     | Reached XP level 11. HP: 64/105 MP: 11/11
  7792 | D:10     | Found Karowek's Book Boutique.
  7841 | D:10     | Noticed a two-headed ogre
  7856 | D:10     | Killed a two-headed ogre
  7857 | D:10     | Reached skill level 11 in Unarmed Combat
  8162 | D:10     | Found a shadowy altar of Dithmenos.
  8425 | D:7      | Killed NitroKuite's ghost
  8426 | D:7      | Reached skill level 12 in Unarmed Combat
  8758 | D:11     | Found a staircase to the Lair.
  9126 | D:11     | Gained mutation: You cannot be stealthy. [Ru sacrifice]
  9305 | D:11     | Reached skill level 10 in Throwing
  9326 | D:11     | Noticed a two-headed ogre
  9337 | D:11     | Killed a two-headed ogre
  9363 | D:11     | Reached XP level 12. HP: 118/118 MP: 12/12
  9418 | Lair:1   | Entered Level 1 of the Lair of Beasts
  9861 | Lair:1   | Reached skill level 5 in Shapeshifting
 10673 | Lair:2   | Noticed a five-headed hydra
 10866 | Lair:2   | Noticed a seven-headed hydra
 10887 | Lair:2   | Killed a seven-headed hydra
 11118 | Lair:1   | Killed an eight-headed hydra
 11136 | Lair:1   | Gained mutation: You cannot study or cast Air magic. [Ru
                  | sacrifice]
 11136 | Lair:1   | Gained mutation: You cannot study or cast Alchemy magic.
                  | [Ru sacrifice]
 11136 | Lair:1   | Gained mutation: You cannot study or cast Necromancy magic.
                  | [Ru sacrifice]
 11136 | Lair:1   | Reached ****** piety under Ru
 11279 | D:9      | Fell from the grace of Ru
 11279 | D:9      | Became a worshipper of Gozag Ym Sagoz the Greedy
 11419 | Lair:2   | Identified the +8 long sword of Juleinah {freeze, Str+5
                  | Int-3}
 12336 | Lair:3   | You fall into a shaft and drop 1 floor!
 12349 | Lair:4   | Noticed a five-headed hydra
 12379 | Lair:4   | Killed a five-headed hydra
 12380 | Lair:4   | Reached skill level 10 in Shapeshifting
 12385 | Lair:4   | Reached XP level 13. HP: 40/124 MP: 13/13
 12666 | Lair:3   | Found a hole to the Spider Nest.
 13045 | Lair:3   | Noticed Urug
 13057 | Lair:3   | Killed Urug
 14602 | Lair:5   | Entered Level 5 of the Lair of Beasts
 14700 | Lair:5   | Found a burning altar of Makhleb.
 14972 | Lair:5   | Reached skill level 13 in Unarmed Combat
 15676 | Lair:5   | Reached skill level 10 in Fighting
 15755 | Lair:5   | Reached XP level 14. HP: 143/143 MP: 14/14
 15801 | Lair:5   | Reached skill level 14 in Unarmed Combat
 16023 | Lair:5   | Found a corrupted altar of Lugonu.
 16023 | Lair:5   | Found a one-way gate to the infinite horrors of the Abyss.
 16039 | Lair:5   | Identified the +0 pair of gloves of the Sea {+Inv Stlth+}
 16246 | Lair:5   | Found a viscous altar of Jiyva.
 16248 | Lair:5   | Found a staircase to the Slime Pits.
 16928 | D:12     | Found a staircase to the Orcish Mines.
 17750 | D:13     | Found a gate to the Vaults.
 18346 | D:13     | Identified the +5 trident "Ufekkug" {flame, Dex+3 SInv
                  | Stlth-}
 18617 | D:13     | Found a glowing silver altar of Zin.
 19607 | D:14     | Found Inin's Distillery.
 19718 | D:15     | Entered Level 15 of the Dungeon
 20572 | D:15     | Paralysed by something for 3 turns
 20599 | D:15     | Reached XP level 15. HP: 156/156 MP: 15/15
 20944 | D:15     | Found a staircase to the Depths.
 21241 | Orc:1    | Entered Level 1 of the Orcish Mines
 21294 | Orc:2    | Entered Level 2 of the Orcish Mines
 22041 | Orc:2    | Found Nimov's Weapon Emporium.
 22247 | Orc:2    | Found Hunul's Antique Armour Emporium.
 22248 | Orc:2    | Found Juixeu Caje's Antique Weapon Shoppe.
 22249 | Orc:2    | Found Qoiwasto's General Store.
 22249 | Orc:2    | Found Larph's Jewellery Emporium.
 22312 | Orc:2    | Found a staircase to the Elven Halls.
 23451 | D:10     | Bought a manual of Unarmed Combat for 880 gold pieces
 23625 | Orc:2    | Bought a ring of protection from fire for 325 gold pieces
 23821 | Spider:1 | Entered Level 1 of the Spider Nest
 24512 | Spider:1 | Reached skill level 15 in Unarmed Combat
 24868 | Spider:1 | Reached skill level 16 in Unarmed Combat
 25270 | Spider:2 | Reached XP level 16. HP: 168/168 MP: 16/16
 25409 | Spider:1 | Reached skill level 17 in Unarmed Combat
 25689 | Spider:2 | Noticed Roxanne
 25727 | Spider:2 | Slain by a broodmother

Illustrated notes

Levels and vault maps discovered:
D:1:      heliophobic_arrival_ceremonial_halls, layout_basic,
          minmay_split_cup_small
D:2:      layout_basic, shapermc_ecumenical_altar_acropolis, basic_altar
D:3:      layout_basic, mainiacjoe_overflow_concentric_impassable, corexii_shack
D:4:      layout_basic, portal_sewer_entry_a
D:5:      layout_basic, minmay_temple_entry_mini_moons, serial_shops,
          nicolae_shop_just_a_little_nook, uniq_edmund
D:6:      kennysheep_slugbush, layout_cave_pools, makhleb_grotto_becter,
          gammafunk_temple_overflow_claw, serial_shops, nicolae_shop_drivethru,
          nicolae_half_adder, uniq_sigmund, uniq_grinder, uniq_menkaure,
          uniq_eustachio
D:7:      layout_gridville, kennysheep_mini, gammafunk_ghost_necromancy,
          uniq_crazy_yiuf_cottage
D:8:      layout_rooms, lemuel_flame_loot_1
D:9:      layout_cave_pools, mainiacjoe_overflow_24_doors,
          nzn_wu_jian_council_hall, serial_glass, glass_columns_c,
          glass_columns_b
D:10:     cheibrodos_barr_body, layout_loops_cross,
          nicolae_dithmenos_through_a_glass_darkly, serial_shops,
          nicolae_book_shop_shelving
D:11:     layout_stronghold, hellmonk_lair_entry_icy
D:12:     layout_gridville, minmay_orc_entry_temple_small
D:13:     layout_layer_cave, erik_vaults_1, zin_scriptorium
D:14:     layout_irregular_city, serial_shops, nicolae_shop_tiny_waterfront
D:15:     grunt_enter_depths_snipers, layout_layer_cave,
          amcnicky_mini_pool_small, ice2_lemuel
Lair:1:   layout_cellular_growth, grunt_megastairs_2, lemuel_fruit_tree
Lair:2:   beast_lair_carwin_large_3, layout_layer_cave,
          nicolae_shoals_entry_flooding, st_stairs_13
Lair:3:   layout_roguey, spider_nest_entry_rubble,
          chequers_serial_rivers_small_a, nicolae_lair_lindhole, uniq_urug
Lair:4:   layout_long_grid
Lair:5:   hellmonk_lair_end_abyssal_woods, layout_loops_ring,
          minmay_slime_entry_oklob_enclosed, basic_altar, lemuel_fruit_fields
Spider:1: layout_spider_delve, nicolae_spider_nook
Spider:2: layout_cave_pods, uniq_arachne, uniq_aizul, uniq_roxanne
Orc:1:    layout_diamond_mine, nicolae_volcano_entry_vermiform, abandoned_shop
Orc:2:    st_orc_congregation, layout_caves, serial_shops,
          nicolae_shop_real_fake_doors

Skill      XL: |  1  2  3  4  5  6  7  8  9 10 11 12 13 14 15 16 |
---------------+-------------------------------------------------+-----
Unarmed Combat | 1 2 3 4 5 6 8 9 10 12 13 14 16 17 | 17.5
Fighting       | 1 2 3 4 5 6 7 10 12 13 | 13.0
Throwing       | 1 2 3 4 5 8 10 | 10.0
Evocations     | 3 4 0 |  0.0
Stealth        | 0 |  0.0
Shapeshifting  | 2 10 12 14 | 14.0
Short Blades   | |  0.7
Dodging        | |  1.5
Spellcasting   | |  1.2
Hexes          | |  2.0

Action                     |  1- 3 |  4- 6 |  7- 9 | 10-12 | 13-15 | 16-18 || total
---------------------------+-------+-------+-------+-------+-------+-------++-------
  Melee: Unarmed           |   142 |   160 |   208 |   536 |  1228 |    65 ||  2339
         Punch             |     1 |     6 |    11 |    33 |    30 |       ||    81
         Maw               |       |       |       |    14 |   115 |       ||   129
         Constrict         |       |       |       |       |   170 |    11 ||   181
  Throw: Javelin           |       |     6 |       |     8 |    34 |       ||    48
         Boomerang         |       |     8 |     4 |    29 |     5 |       ||    46
         Dart              |       |       |     2 |     4 |    11 |       ||    17
         Large rock        |       |       |       |     2 |     1 |       ||     3
         Throwing net      |       |       |       |       |     1 |       ||     1
 Invoke: Sacrifice Durabil |       |     1 |       |       |       |       ||     1
         Sacrifice Drink   |       |       |     1 |       |       |       ||     1
         Sacrifice Artific |       |       |       |     1 |       |       ||     1
         Apocalypse        |       |       |       |     4 |       |       ||     4
         Sacrifice Stealth |       |       |       |     1 |       |       ||     1
         Power Leap        |       |       |       |     1 |       |       ||     1
         Sacrifice Arcana  |       |       |       |     1 |       |       ||     1
         Potion Petition   |       |       |       |       |     4 |     1 ||     5
  Evoke: Wand              |       |       |     5 |       |       |       ||     5
   Stab: Sleeping          |     5 |     5 |     1 |     1 |       |       ||    12
         Distracted        |       |       |     1 |     3 |     2 |       ||     6
         Paralysed         |       |       |       |     7 |       |       ||     7
         Invisible         |       |       |       |     2 |       |       ||     2
 Armour: Robe              |    90 |   109 |   164 |   148 |       |       ||   511
         Acid dragon scale |       |       |       |   242 |       |       ||   242
         Skin              |       |       |       |    84 |  1628 |   139 ||  1851
  Dodge: Dodged            |    52 |    68 |    65 |   189 |   605 |    41 ||  1020
  Block: Other             |       |       |       |    36 |       |       ||    36
   Form: Maw               |       |       |       |     1 |       |       ||     1
         Serpent           |       |       |       |       |     1 |       ||     1
